 Dungeon Crawl Stone Soup version 0.18-a0-912-g81d1dc4 (webtiles) character file.

93 M4edhros the Charlatan (level 4, -4/30 HPs)
             Began as an Octopode Artificer on Dec 25, 2015.
             Killed by divine providence
             ... invoked by an orc priest
              (11 damage)
             ... on level 4 of the Dungeon.
             The game lasted 00:02:36 (784 turns).

M4edhros the Charlatan (Octopode Artificer)          Turns: 784, Time: 00:02:37

Health: -4/30      AC:  5    Str: 10    XL:     4   Next: 62%
Magic:  6/6        EV: 10    Int: 15    God:
Gold:   84         SH:  7    Dex: 12    Spells: 0 memorised, 3 levels left

rFire  . . .     SeeInvis .     i - +2 whip (freeze)
rCold  + . .     Gourm    .     p - +0 shield
rNeg   . . .     Faith    .     (helmet restricted)
rPois  .         Spirit   .     (no amulet)
rElec  .         Dismiss  .     (no ring)
rCorr  .         Reflect  .     (no ring)
SustAt .         Harm     .     (no ring)
MR     .....                    (no ring)
Stlth  ++++......               (no ring)
                                (no ring)
                                (no ring)
                                (no ring)

@: not resistant to hostile enchantments, stealthy
A: almost no armour, amphibious, 8 rings, constrict 8, iridescent scales 1,
camouflage 1, cold resistance 1, robust 1, gelatinous body 1
a: no special abilities


You were on level 4 of the Dungeon.
You were not hungry.

You visited 1 branch of the dungeon, and saw 4 of its levels.

You collected 84 gold pieces.

Inventory:

Hand Weapons
 a - a +0 short sword
 h - a +1 mace of pain
 i - a +2 whip of freezing (weapon)
Armour
 p - a +0 shield (worn)
Wands
 b - a wand of flame (15/48)
 c - a wand of enslavement (10/24)
 d - a wand of random effects (14/48)
 q - a wand of draining (6/15)
Scrolls
 e - a scroll of blinking {unknown}
 j - 2 scrolls of identify {unknown}
 k - a scroll of random uselessness {unknown}
 l - a scroll of fog {unknown}
 n - a scroll of fear {unknown}
Potions
 m - a potion of invisibility {unknown}
Comestibles
 f - 2 bread rations
 g - a meat ration
 o - 2 fruits


   Skills:
 - Level 1.0 Fighting
 - Level 1.0 Short Blades
 * Level 3.2 Dodging
 * Level 3.8 Stealth
 * Level 0.8 Shields
 + Level 3.8 Evocations


You had 3 spell levels left.
You didn't know any spells.

Dungeon Overview and Level Annotations

Branches:
Dungeon (4/15)
 Temple: D:4-7

Altars:
The Shining One


Innate Abilities, Weirdness & Mutations

You cannot wear most types of armour.
You are amphibious.
You can wear up to eight rings at the same time.
You can use your tentacles to constrict eight enemies at once.
Your skin changes colour to match your surroundings (Stealth).
Your rubbery body absorbs attacks (AC +1).
You are partially covered in iridescent scales (AC +4).
Your flesh is cold resistant.
You are robust (+10% HP).


Message History

Unknown command.
Unknown command.
Unknown command.
A worm comes into view.
The gnoll hits your orc with a halberd!
Your orc dies!
The gnoll barely misses you.
Items here: ))) [[ ††† The orc wizard looks braver for a moment.
The orc priest resists with some effort.
Things that are here:
a dagger; a robe; an orc corpse Evoke which item? (* to show all) (? for menu, Esc to quit)
Zapping:
c - a wand of enslavement (11/24)
Press: ? - help, Shift-Dir - straight line, f - gnoll
Aim: a gnoll, wielding a spear (chance to defeat MR: 62%)
The gnoll is charmed.
This wand has 10 charges left.
The orc priest invokes the aid of Beogh against you.
Something smites you!
You die...

#..## ####..>.###..
.....#
########.........
.....#
.........#....##. ....
####............
#..#######..###.##....
##.g.##......#
#.#####.
#...)()g####.# #.# ##
#.#.##)## #.# #.# # #o
#@# #.# .# #o.5.# ..#
###..# .## ##### #..#
. #.... #..# #.#..
#.o. #..#. .w.# #...#
.... #.... #....


You could see a worm, an orc priest, an orc wizard, a crimson imp and a friendly
gnoll.

Vanquished Creatures
  An orc wizard (D:4)
  A worker ant (D:3)
  An adder (D:3)
  A worm (D:2)
  4 orcs (D:4)
  4 bats
  6 goblins
  A hobgoblin (D:3)
  2 kobolds (D:3)
  2 quokkas
  A ball python (D:3)
  2 giant cockroaches
  A rat (D:1)
27 creatures vanquished.

Vanquished Creatures (collateral kills)
  A gnoll (D:4)
  An orc (D:4)
2 creatures vanquished.

Vanquished Creatures (others)
  An orc (D:4)
1 creature vanquished.

Grand Total: 30 creatures vanquished

Notes
Turn   | Place    | Note
--------------------------------------------------------------
     0 | D:1      | M4edhros the Octopode Artificer began the quest for the Orb.
     0 | D:1      | Reached XP level 1. HP: 13/13 MP: 3/3
   146 | D:2      | Reached XP level 2. HP: 18/18 MP: 4/4
   250 | D:2      | Found a glowing golden altar of the Shining One.
   285 | D:3      | Gained mutation: Your flesh is cold resistant. [potion of mutation]
   285 | D:3      | Gained mutation: You are partially covered in iridescent scales (AC +4). [potion of mutation]
   285 | D:3      | Gained mutation: You are robust (+10% HP). [potion of mutation]
   486 | D:3      | Reached XP level 3. HP: 25/25 MP: 5/5
   757 | D:4      | Reached XP level 4. HP: 30/30 MP: 6/6
   784 | D:4      | Killed from afar by an orc priest

Vault maps used:
D:1:      minmay_arrival_four_houses
D:2:      nicolae_overflow_hidden_temple, lemuel_crystal_altar, first_bread,
          uniq_crazy_yiuf_cottage
D:3:      corexii_shack_village
D:4:      grunt_temple_overflow_order_and_chaos_2, hangedman_decor_slide_cut,
          grunt_decor_mini_mirrors

Action                   |  1- 3 |  4- 6 || total
-------------------------+-------+-------++-------
Melee: Short sword       |     5 |       ||     5
       Whip              |    33 |    12 ||    45
Evoke: Wand              |       |     6 ||     6
  Use: Potion            |     2 |       ||     2
 Stab: Sleeping          |     5 |       ||     5
